 Dungeon Crawl Stone Soup version 0.28-a0-199-g298df9dbad (webtiles) character file.

Game seed: 6598221729081922786

2995 timneilson the Protected (level 9, -7/55 HPs)
             Began as a Gargoyle Fighter on Aug 19, 2021.
             Was a Priest of Okawaru.
             Killed by divine providence
             ... invoked by an orc priest
              (14 damage)
             ... on level 8 of the Dungeon.
             The game lasted 00:13:37 (7187 turns).

timneilson the Protected (Gargoyle Fighter)         Turns: 7187, Time: 00:13:39

Health: -7/55      AC: 22    Str: 28    XL:     9   Next: 83%
Magic:  11/11      EV:  8    Int: 10    God:    Okawaru [***...]
Gold:   352        SH: 10    Dex:  9    Spells: 8/8 levels left

rFire   x . .      SeeInvis .   d - +4 long sword
rCold   + + .      Faith    .   c - +1 kite shield
rNeg    + . .      Spirit   .   v - +0 ice dragon scales
rPois   ∞          Reflect  .   (no helmet)
rElec   +          Harm     .   b - +2 cloak
rCorr   +          Rampage  .   (no gloves)
Will    .....                   (no boots)
Stlth   ..........              (no amulet)
HPRegen 0.18/turn               e - +6 ring of strength
MPRegen 0.12/turn               u - ring of resist corrosion

@: hasted, very quick
A: sickness immunity, AC +6, negative energy resistance 1, electricity
resistance, torment resistance 1, petrification resistance
a: Renounce Religion, Heroism


You were on level 8 of the Dungeon.
You worshipped Okawaru.
Okawaru was most pleased with you.
You visited 2 branches of the dungeon, and saw 9 of its levels.
You also visited: Ossuary.

You collected 352 gold pieces.

Inventory:

Hand Weapons
 d - a +4 long sword (weapon)
Armour
 b - a +2 cloak (worn)
 c - a +1 kite shield (worn)
 p - a +0 chain mail
 v - +0 ice dragon scales (worn)
Jewellery
 e - a +6 ring of strength (left hand)
 u - a ring of resist corrosion (right hand)
Wands
 k - a wand of polymorph (8)
 r - a wand of iceblast (20)
 t - a wand of paralysis (3)
Scrolls
 a - a scroll of enchant weapon
 l - 2 scrolls of teleportation
 n - 3 scrolls of identify
 q - 2 scrolls of enchant armour
 s - 2 scrolls of magic mapping
Potions
 f - 2 potions of lignification
 g - 4 potions of haste
 h - 3 potions of invisibility
 i - a potion of attraction
 o - a potion of resistance


   Skills:
 + Level 5.9 Fighting
 * Level 6.1 Long Blades
 * Level 8.0 Armour
 * Level 7.8 Shields
 + Level 3.4 Invocations
 + Level 3.7 Evocations


You had 8 spell levels left.
You didn't know any spells.
Your spell library contained the following spells:

 Spells                   Type           Power      Damage    Failure   Level
 Foxfire                  Conj/Fire      0%         2x1d4     91%         1
 Pain                     Necr           0%         1d4       91%         1
 Wereblood                Tmut           0%         N/A       97%         2
 Conjure Flame            Conj/Fire      0%         6-21      100%        3
 Gell's Gravitas          Tloc           0%         N/A       100%        3
 Inner Flame              Hex/Fire       0%         N/A       100%        3
 Lesser Beckoning         Tloc           0%         N/A       100%        3
 Ozocubu's Armour         Ice            0%         N/A       100%        3
 Portal Projectile        Hex/Tloc       0%         N/A       100%        3
 Teleport Other           Tloc           0%         N/A       100%        3
 Leda's Liquefaction      Hex/Erth       0%         N/A       100%        4
 Agony                    Necr           0%         N/A       100%        5
 Excruciating Wounds      Necr           0%         N/A       100%        5
 Metabolic Englaciation   Hex/Ice        0%         N/A       100%        5
 Sublimation of Blood     Necr           Unusable   N/A       N/A         2
 Call Canine Familiar     Summ           Unusable   N/A       N/A         3
 Simulacrum               Ice/Necr       Unusable   N/A       N/A         6
 Summon Hydra             Summ           Unusable   N/A       N/A         7

Dungeon Overview and Level Annotations

Branches:
Dungeon (8/15)             Temple (1/1) D:4         Ossuary (visited)
   Lair: D:8-11

Altars:
Ashenzari
Cheibriados
Dithmenos
Elyvilon
Fedhas
Gozag
Hepliaklqana
Kikubaaqudgha
Makhleb
Nemelex Xobeh
Okawaru
Qazlal
Ru
Sif Muna
Trog
Uskayaw
Vehumet
Xom
Yredelemnul
Zin
The Shining One

Shops:
D:1 **[?   D:4 [


Innate Abilities, Weirdness & Mutations

You are immune to sickness and miasma.
Your stone body is resilient. (AC +6)
You are immune to poison.
You resist negative energy. (rN+)
You are resistant to electric shocks. (rElec)
You are resistant to unholy torment.
You are immune to petrification.


Message History

There is an open door here.
Found an escape hatch in the floor.
An orc wizard comes into view. It is wielding a +0 dagger.
There is an open door here.
An orc warrior comes into view. It is wielding a +0 glaive.
The orc warrior shouts!
You hear a shout!
An orc priest and an orc wizard come into view.
The orc wizard shouts!
The orc priest shouts!
You block the orc wizard's attack.
You slash the orc wizard!
The orc wizard is almost dead.
The orc priest begins to cast a cantrip, but forgets the words!
An orc comes into view. It is wielding a +0 war axe.
The orc shouts!
The orc warrior hits you from afar with a +0 glaive.
You block the orc wizard's attack. You block the orc warrior's attack.
You slash the orc warrior!
The orc warrior is moderately wounded.
The orc warrior hits you with a +0 glaive!
The orc wizard gestures at you while chanting.
You are confused.
The orc wizard gestures at you while chanting.
The puff of flame hits you but does no damage.
The orc priest hits you but does no damage.
The orc wizard barely misses you.
The orc priest calls down the wrath of Beogh upon you.
Pain shoots through your body!
The orc warrior hits you from afar with a +0 glaive!
Unknown command.
You feel better. The orc wizard barely misses you.
The orc wizard hits you but does no damage.
The orc warrior hits you from afar with a +0 glaive!
You feel yourself speed up. You block the orc wizard's attack.
The orc wizard points at you and mumbles some strange words.
The puff of flame hits you! The fire burns you terribly!
* * * LOW HITPOINT WARNING * * *
The orc priest mumbles some strange prayers to Beogh against you.
Beogh smites you!
You die...

#.....#.###.#.....#.##)#.##
+.....#.....#.....#.##.#..+
########....###.###.#..####
.......'....'.......#..#
########....###.#####<.#
#....###'######.#
#....#........#.#
#....#........#.#
#....#.@o..>..#.#
######oooo....#.#
#........#.# #........###.#
#........# #.# #........#
#........# #.........
#.........#


You could see an orc warrior, an orc priest, 2 orc wizards and an orc.

Vanquished Creatures
  Maggie (D:7)
  A water moccasin (D:3)
  An orc warrior (D:5)
  2 ice beasts
  A sky beast (D:5)
  5 necrophages
  2 ogres
  2 centaurs
  Blork the orc (D:4)
  3 bullfrogs
  4 scorpions
  4 wights (D:8)
  2 centaur zombies
  2 human zombies (Ossuary)
  A gnoll shaman (D:5)
  3 orc priests
  4 hounds
  2 jellies (D:7)
  An iguana (D:5)
  A scorpion zombie (D:3)
  An orc wizard (D:4)
  Natasha (thrice) (D:4)
  A hound zombie (D:3)
  2 mummies (Ossuary)
  5 adders
  6 gnolls
  A worm zombie (D:4)
  2 worms
  A dart slug (D:2)
  19 orcs
  5 bats
  6 endoplasms
  A giant cockroach (D:3)
  4 goblins
  8 hobgoblins
  4 jackals
  2 ball pythons (D:3)
  A ball python skeleton (D:3)
  A frilled lizard (D:2)
  A goblin zombie (Ossuary)
  8 hobgoblin zombies (Ossuary)
  5 jackal zombies (Ossuary)
  4 kobolds
  9 kobold zombies (Ossuary)
  9 orc zombies (Ossuary)
  A quokka skeleton (D:3)
  A quokka zombie (D:3)
  3 rats
  2 rat zombies (Ossuary)
  A spectral orc (D:4)
160 creatures vanquished.

Vanquished Creatures (others)
  2 withered plants (D:2)
2 creatures vanquished.

Grand Total: 162 creatures vanquished

Notes
Turn   | Place    | Note
-------+----------+-------------------------------------------
     0 | D:1      | timneilson the Gargoyle Fighter began the quest for the
                  | Orb.
     0 | D:1      | Reached XP level 1. HP: 14/14 MP: 1/1
   103 | D:1      | Found Mesehut's General Store.
   332 | D:1      | Found Pefel's Armour Emporium.
   338 | D:1      | Reached XP level 2. HP: 19/19 MP: 2/2
   350 | D:1      | Found Dyujed's Magic Scroll Shop.
   458 | D:1      | Found Ucoiz's Assorted Antiques.
  1043 | D:2      | Found a faded altar of an unknown god.
  1109 | D:2      | Reached XP level 3. HP: 23/23 MP: 3/3
  1812 | D:3      | HP: 1/23 [orc (5)]
  1819 | D:3      | Reached skill level 4 in Armour
  1819 | D:3      | Reached XP level 4. HP: 28/28 MP: 4/4
  2154 | D:3      | Reached XP level 5. HP: 27/33 MP: 5/5
  2155 | D:3      | Noticed a water moccasin
  2155 | D:3      | Noticed an ogre
  2169 | D:3      | Killed a water moccasin
  2170 | D:3      | Reached skill level 1 in Evocations
  2170 | D:3      | Reached XP level 6. HP: 15/38 MP: 6/6
  2553 | D:4      | Found Sucorihu's Antique Armour Shop.
  2576 | D:4      | Reached skill level 5 in Armour
  2650 | D:4      | Found a sand-covered staircase.
  2665 | D:4      | Reached skill level 5 in Shields
  2675 | Ossuary  | Entered an ossuary
  2922 | Ossuary  | Reached XP level 7. HP: 43/43 MP: 7/7
  3021 | Ossuary  | HP: 1/43 [mummy (13)]
  3449 | D:4      | Noticed Natasha
  3456 | D:4      | Killed Natasha
  3457 | D:4      | Found a staircase to the Ecumenical Temple.
  3466 | Temple   | Entered the Ecumenical Temple
  3483 | Temple   | Became a worshipper of Warmaster Okawaru
  3692 | D:4      | Noticed Natasha
  3699 | D:4      | Killed Natasha
  3755 | D:4      | Noticed Blork the orc
  3764 | D:4      | Killed Blork the orc
  3904 | D:4      | Noticed Natasha
  3910 | D:4      | Killed Natasha
  4127 | D:4      | Reached XP level 8. HP: 39/48 MP: 8/8
  4696 | D:4      | Found a basalt altar of Yredelemnul.
  4850 | D:5      | Entered Level 5 of the Dungeon
  4887 | D:5      | Reached * piety under Okawaru
  4888 | D:5      | Reached skill level 6 in Armour
  4971 | D:5      | Reached skill level 1 in Invocations
  5122 | D:5      | Reached skill level 5 in Fighting
  5292 | D:5      | Reached skill level 5 in Long Blades
  5312 | D:5      | Reached ** piety under Okawaru
  5775 | D:5      | Reached XP level 9. HP: 51/54 MP: 10/10
  5788 | D:5      | Reached skill level 7 in Armour
  5971 | D:6      | Identified the +7 ring mail of Jakawob {rC+ Will- Int+3}
  6283 | D:6      | Found a radiant altar of Vehumet.
  6346 | D:6      | Found an opulent altar of Gozag.
  6350 | D:6      | Found a broken altar of Ashenzari.
  6356 | D:6      | Found a shadowy altar of Dithmenos.
  6832 | D:7      | Noticed Maggie
  6861 | D:7      | Killed Maggie
  7036 | D:8      | Reached *** piety under Okawaru
  7103 | D:8      | Reached skill level 8 in Armour
  7106 | D:8      | Identified the +12 whip of the Stoat {venom, *Rage Will++
                  | Int+9}
  7187 | D:8      | Killed from afar by an orc priest

Illustrated notes

Levels and vault maps discovered:
D:1:      roderic_octagonal_star, layout_rooms, serial_shops, shop, shop,
          shop_fountains, shop
D:2:      layout_basic, shapermc_ecumenical_altar_gd
D:3:      minmay_octagon_keep, layout_loops_corners, serial_undead,
          serial_undead_d, serial_undead_c, serial_undead_a, serial_undead_c
D:4:      layout_basic, yredelemnul_forgotten_temple_becter,
          minmay_temple_entry_mist, serial_shops, shop_fountains,
          enter_ossuary_3, uniq_natasha, uniq_blork_the_orc
D:5:      layout_loops_ring
D:6:      layout_rooms, grunt_temple_overflow_diamond,
          nicolae_overflow_hidden_temple
D:7:      layout_cave_pools, uniq_maggie
D:8:      layout_basic
Temple:   lightli_temple_of_artemis

Skill      XL: |  1  2  3  4  5  6  7  8  9 |
---------------+----------------------------+-----
Long Blades    | 2 3 4 5 6 |  6.1
Armour         | 4 5 6 8 |  8.0
Shields        | 4 5 6 7 |  7.8
Evocations     | 1 2 3 |  3.7
Fighting       | 4 5 |  5.9
Invocations    | 2 3 |  3.4

Action                   |  1- 3 |  4- 6 |  7- 9 || total
-------------------------+-------+-------+-------++-------
Melee: Long sword        |    67 |   132 |   342 ||   541
Invok: Heroism           |       |       |     1 ||     1
  Use: Scroll            |     6 |       |    12 ||    18
       Potion            |     1 |     2 |     7 ||    10
Armor: Scale mail        |    23 |    75 |    56 ||   154
       Skin              |       |       |    17 ||    17
       Chain mail        |       |       |   119 ||   119
       Ice dragon scales |       |       |    17 ||    17
Dodge: Dodged            |    22 |    70 |   119 ||   211
Block: Kite shield       |    37 |    80 |   191 ||   308
       Rpst.: Long sword |     8 |    31 |    45 ||    84

Table legend: (Time is in decaauts)
 A = Elapsed time spent in this place.
 B = Non-inter-level travel time spent in this place.
 C = Inter-level travel time spent in this place.
 D = Time resting spent in this place.
 E = Time spent auto-exploring this place.
 F = Levels seen in this place.
 G = Mean time per level.
                   A        B        C        D        E       F      G
               +--------+--------+--------+--------+--------+-----+--------+
         Total |   7409 |   7192 |    217 |    349 |   5341 |  10 |  740.9 |
       Dungeon |   6458 |   6251 |    207 |    134 |   4894 |   8 |  807.2 |
        Temple |    161 |    151 |     10 |      0 |    129 |   1 |  161.0 |
       Ossuary |    789 |    789 |      0 |    215 |    318 |   1 |  789.0 |
               +--------+--------+--------+--------+--------+-----+--------+

Top non-repeatable levels by time:
     D:4: 1446 daAuts
     D:3: 1121 daAuts
     D:5: 1091 daAuts
     D:2: 856 daAuts
 Ossuary: 789 daAuts
     D:1: 641 daAuts
     D:7: 572 daAuts
     D:6: 545 daAuts
     D:8: 183 daAuts
  Temple: 161 daAuts
